Rangers vs Capitals

Created - September-24-13 at 18:05

Simulating a Pre-Season

Goals
1 2 3 T
Rangers 1 1 1 3
Capitals 3 0 3 6
Shots
1 2 3 T
Rangers 10 4 7 21
Capitals 7 6 10 23

1st period

1. Capitals , Alexander Ovechkin 3 (Ryan McDonagh) at 3:46
2. Capitals , Alexander Ovechkin 4 (Jay Harrison) at 17:29 (PP)
3. Capitals , Alexei Kovalev 2 (Mike Green, Jay Harrison) at 18:47
4. Rangers , Vinny Prospal 3 (Matt Read, Ville Leino) at 19:12

Penalties :
Troy Brouwer (NYR) for Holding Stick (Minor) at 8:08, Alexander Ovechkin (WSH) for Slashing (Minor) at 11:13, Marc Methot (WSH) for Roughing (Minor) at 12:48, Troy Brouwer (NYR) for Hooking (Minor) at 16:20, Jay Harrison (WSH) for Hooking (Minor) at 19:31

2nd period

5. Rangers , Radim Vrbata 4 (Francois Beauchemin, Brandon Dubinsky) at 0:31 (PP)

Penalties :
Douglas Murray (WSH) for Interference (Minor) at 4:37, Derek Morris (NYR) for High sticking (Minor) at 10:41, Tomas Fleischmann (WSH) for Tripping (Minor) at 11:47, Douglas Murray (WSH) for Roughing (Minor) at 18:38

3rd period

6. Capitals , Jiri Tlusty 5 (Taylor Hall, Jay Harrison) at 2:35
7. Rangers , Frans Nielsen 4 (Francois Beauchemin, Alex Goligoski) at 10:04 (PP)
8. Capitals , Cody Eakin 2 (Taylor Hall, Jiri Tlusty) at 13:42
9. Capitals , Daniel Briere 1 (Mike Green, Alexander Ovechkin) at 16:30

Penalties :
Marc Methot (WSH) for Elbowing (Minor) at 8:42

Goalie Stats

Tomas Vokoun (NYR), 11 saves from 15 shots - (0.733), L, 4-3-0, 42:35 minutes
Jean-Sebastien Giguere (NYR), 6 saves from 8 shots - (0.750), 17:25 minutes
Jimmy Howard (WSH), 18 saves from 21 shots - (0.857), W, 4-3-0, 60:00 minutes

Players Stats for Rangers

Player Name              G  A  P  +/- PIM S  H  SB GA TA FO     MP     PP MP  PK MP  
------------------------------------------------------------------------------------
Alex Goligoski           0  1  1  -2  0   1  1  1  0  0  0/0    21:55   4:54   0:30 
Benoit Pouliot           0  0  0   0  0   0  0  0  0  0  0/0     4:58   0:00   0:29 
Brandon Dubinsky         0  1  1  -1  0   2  3  0  0  0  13/26  22:42   5:56   0:13 
Chris Kunitz             0  0  0  -1  0   2  4  0  0  0  0/2    22:29   5:56   0:00 
Craig Adams              0  0  0   0  0   0  0  0  0  0  0/0     5:27   0:00   0:58 
Dan Girardi              0  0  0  -1  0   0  4  1  0  0  0/0    20:00   0:02   2:42 
David Legwand            0  0  0   0  0   0  0  0  0  0  3/6     5:52   0:00   1:23 
Derek Morris             0  0  0  -1  2   3  4  0  0  0  0/0    18:23   6:04   1:21 
Francois Beauchemin      0  2  2  -2  0   0  2  0  0  0  0/0    25:11   4:56   1:39 
Frans Nielsen            1  0  1  -3  0   2  0  0  0  0  12/27  21:17   5:04   2:47 
Ilya Kovalchuk           0  0  0  -3  0   2  0  0  0  0  0/0    18:30   5:04   0:00 
Matt Read                0  1  1   0  0   1  1  0  0  0  1/1    11:16   0:00   0:58 
Radim Vrbata             1  0  1  -1  0   3  0  0  0  0  0/2    21:36   5:56   0:00 
Rob Scuderi              0  0  0  -1  0   0  0  1  0  0  0/0    10:59   0:00   0:00 
Stephane Robidas         0  0  0  -1  0   3  2  1  0  0  0/0    23:31   6:04   2:16 
Troy Brouwer             0  0  0  -3  4   0  4  0  0  0  1/2    19:09   5:04   0:41 
Ville Leino              0  1  1   0  0   1  0  0  0  0  6/12   10:18   0:00   0:00 
Vinny Prospal            1  0  1   0  0   1  1  0  0  0  0/0    11:17   0:00   0:59 

Players Stats for Capitals

Player Name              G  A  P  +/- PIM S  H  SB GA TA FO     MP     PP MP  PK MP  
------------------------------------------------------------------------------------
Alexander Ovechkin       2  1  3   2  2   6  8  0  0  0  1/2    22:26   2:01   2:54 
Alexander Semin          0  0  0  -1  0   2  0  1  0  0  1/2    23:57   2:01   7:10 
Alexei Kovalev           1  0  1   3  0   1  0  0  0  0  0/0    14:37   0:00   0:00 
Cody Eakin               1  0  1   3  0   2  2  0  0  0  11/20  15:19   0:00   0:19 
Corey Potter             0  0  0   1  0   0  0  0  0  0  0/0    15:01   0:00   1:54 
Daniel Briere            1  0  1   3  0   3  0  0  0  0  8/15   16:10   0:55   0:38 
Douglas Murray           0  0  0   1  4   0  1  0  0  0  0/0    13:35   0:55   0:00 
Jay Harrison             0  3  3   3  2   2  1  0  0  0  0/0    20:27   1:25   3:09 
Jiri Tlusty              1  1  2   2  0   3  1  0  0  0  3/9    19:22   1:18   3:28 
Marc Methot              0  0  0   0  4   0  1  1  0  0  0/0    20:22   2:49   5:40 
Mathieu Perreault        0  0  0   0  0   0  0  0  0  0  2/2     2:32   0:00   0:00 
Matt Stajan              0  0  0  -1  0   0  1  0  0  0  16/27  21:22   2:01   7:07 
Mike Green               0  2  2   3  0   1  0  0  0  0  0/0    21:12   1:25   3:28 
Ryan McDonagh            0  1  1   0  0   0  2  1  0  0  0/0    25:11   1:54   7:32 
Ryane Clowe              0  0  0   0  0   0  0  0  0  0  0/0     0:55   0:55   0:00 
Taylor Hall              0  2  2   2  0   2  0  0  0  0  0/1    16:41   1:18   0:00 
Tom Poti                 0  0  0   0  0   0  0  0  0  0  0/0     4:07   0:00   0:16 
Tomas Fleischmann        0  0  0  -1  2   1  0  0  0  0  0/0    14:20   2:12   0:00 

3 Stars

1 - Alexander Ovechkin (WSH)
2 - Jiri Tlusty (WSH)
3 - Cody Eakin (WSH)

Power Play

Rangers - 2 on 7 Attempt(s) - 28.57%
Capitals - 1 on 3 Attempt(s) - 33.33%

Penalty Kill

Rangers - 2 on 3 Attempt(s) - 66.67% - Score 0 goal in Penalty Kill
Capitals - 5 on 7 Attempt(s) - 71.43% - Score 0 goal in Penalty Kill

Official

Referees : Dennis LaRue and Darcy Burchell
Linesman : Derek Nansen and Tony Sericolo

Game Notes

Jean-Sebastien Giguere enters game at 2:35 of 3rd period

% Time on Ice - Rangers

Lines # - Real PCT - Wanted PCT - Time Play
Normal Forward
1 - 36% - 40% - 15:40
2 - 31% - 30% - 13:26
3 - 23% - 20% - 10:18
4 - 10% - 10% - 4:29
Normal Defense
1 - 36% - 40% - 15:52
2 - 33% - 30% - 14:32
3 - 25% - 20% - 10:59
4 - 6% - 10% - 2:30
PP Forward
1 - 54% - 60% - 5:56
2 - 46% - 40% - 5:04
PP Defense
1 - 45% - 60% - 4:56
2 - 55% - 40% - 6:04
PK Forward
1 - 77% - 60% - 3:16
2 - 23% - 40% - 0:58
PK Defense
1 - 42% - 60% - 1:47
2 - 58% - 40% - 2:27
PK3 Forward
1 - 0% - 60%
2 - 0% - 40%
PK3 Defense
1 - 0% - 60%
2 - 0% - 40%
44 Forward
1 - 100% - 60% - 0:53
2 - 0% - 40% - 0:00
44 Defense
1 - 26% - 60% - 0:14
2 - 74% - 40% - 0:39
Last Minute Offensive  - 0:00
Last Minute Defensive  - 0:00
Total
Forward - 60:00
Defense - 60:00

% Time on Ice - Capitals

Lines # - Real PCT - Wanted PCT - Time Play
Normal Forward
1 - 33% - 35% - 14:37
2 - 28% - 27% - 12:08
3 - 33% - 23% - 14:36
4 - 6% - 15% - 2:32
Normal Defense
1 - 27% - 35% - 11:48
2 - 34% - 27% - 15:07
3 - 30% - 23% - 13:07
4 - 9% - 15% - 3:51
PP Forward
1 - 48% - 60% - 2:01
2 - 52% - 40% - 2:13
PP Defense
1 - 67% - 60% - 2:49
2 - 33% - 40% - 1:25
PK Forward
1 - 71% - 60% - 7:32
2 - 29% - 40% - 3:04
PK Defense
1 - 70% - 60% - 7:28
2 - 30% - 40% - 3:08
PK3 Forward
1 - 100% - 60% - 0:24
2 - 0% - 40% - 0:00
PK3 Defense
1 - 17% - 60% - 0:04
2 - 83% - 40% - 0:20
44 Forward
1 - 89% - 60% - 0:47
2 - 11% - 40% - 0:06
44 Defense
1 - 11% - 60% - 0:06
2 - 89% - 40% - 0:47
Last Minute Offensive  - 0:00
Last Minute Defensive  - 0:00
Total
Forward - 60:00
Defense - 60:00

Play by Play

1st period


0:01 of 1st period - Brandon Dubinsky wins face-off versus Daniel Briere in neutral zone.
1:10 of 1st period - Alexander Semin is hit by Troy Brouwer and loses puck.
1:33 of 1st period - Jay Harrison is hit by Troy Brouwer and loses puck.
2:09 of 1st period - Shot by Ville Leino.
2:09 of 1st period - Stopped by Jimmy Howard with a rebound.
2:35 of 1st period - Tomas Fleischmann is hit by Derek Morris and loses puck.
2:42 of 1st period - Jay Harrison is hit by Vinny Prospal and loses puck.
3:09 of 1st period - Shot by Jiri Tlusty.
3:09 of 1st period - Stopped by Tomas Vokoun without a rebound.
3:10 of 1st period - Daniel Briere wins face-off versus Brandon Dubinsky in Rangers zone.
3:13 of 1st period - Shot by Alexander Ovechkin.
3:13 of 1st period - Stopped by Tomas Vokoun without a rebound.
3:14 of 1st period - Cody Eakin wins face-off versus Brandon Dubinsky in Rangers zone.
3:14 of 1st period - Taylor Hall is hit by Dan Girardi and loses puck.
3:35 of 1st period - Shot by Cody Eakin.
3:35 of 1st period - Stopped by Tomas Vokoun without a rebound.
3:36 of 1st period - Frans Nielsen wins face-off versus Daniel Briere in Rangers zone.
3:36 of 1st period - Frans Nielsen is hit by Alexander Ovechkin.
3:44 of 1st period - Shot by Alexander Ovechkin.
3:44 of 1st period - Shot Misses the Net.
3:46 of 1st period - Shot by Alexander Ovechkin.
3:46 of 1st period - Goal by Alexander Ovechkin - Rangers : 0 - Capitals : 1.
3:47 of 1st period - David Legwand wins face-off versus Cody Eakin in neutral zone.
5:24 of 1st period - Icing by Alexei Kovalev.
5:25 of 1st period - Daniel Briere wins face-off versus Frans Nielsen in Capitals zone.
6:22 of 1st period - Shot by Brandon Dubinsky.
6:22 of 1st period - Stopped by Jimmy Howard with a rebound.
6:24 of 1st period - Shot by Chris Kunitz.
6:24 of 1st period - Stopped by Jimmy Howard without a rebound.
6:25 of 1st period - Ville Leino wins face-off versus Cody Eakin in Capitals zone.
6:33 of 1st period - Icing by Tom Poti.
6:34 of 1st period - Brandon Dubinsky wins face-off versus Cody Eakin in Capitals zone.
6:44 of 1st period - Brandon Dubinsky is hit by Ryan McDonagh and loses puck.
7:32 of 1st period - Rob Scuderi is hit by Ryan McDonagh and loses puck.
8:08 of 1st period - Minor Penalty to Troy Brouwer for Holding Stick.
8:09 of 1st period - Frans Nielsen wins face-off versus Matt Stajan in Rangers zone.
8:09 of 1st period - Frans Nielsen is hit by Alexander Ovechkin.
8:37 of 1st period - Shot by Mike Green.
8:37 of 1st period - Shot Misses the Net.
8:39 of 1st period - Shot by Alexander Ovechkin.
8:39 of 1st period - Shot Misses the Net.
10:32 of 1st period - Icing by Brandon Dubinsky.
10:33 of 1st period - Brandon Dubinsky wins face-off versus Taylor Hall in Rangers zone.
11:13 of 1st period - Minor Penalty to Alexander Ovechkin for Slashing.
11:14 of 1st period - Matt Stajan wins face-off versus Troy Brouwer in Capitals zone.
11:22 of 1st period - Shot by Stephane Robidas.
11:22 of 1st period - Stopped by Jimmy Howard without a rebound.
11:23 of 1st period - Matt Stajan wins face-off versus Frans Nielsen in Capitals zone.
11:23 of 1st period - Matt Stajan is hit by Troy Brouwer.
11:33 of 1st period - Shot by Stephane Robidas.
11:33 of 1st period - Shot Misses the Net.
11:43 of 1st period - Shot by Ilya Kovalchuk.
11:43 of 1st period - Stopped by Jimmy Howard without a rebound.
11:44 of 1st period - Matt Stajan wins face-off versus Frans Nielsen in Capitals zone.
12:07 of 1st period - Shot by Frans Nielsen.
12:07 of 1st period - Stopped by Jimmy Howard without a rebound.
12:08 of 1st period - Brandon Dubinsky wins face-off versus Matt Stajan in Capitals zone.
12:08 of 1st period - Francois Beauchemin is hit by Marc Methot and loses puck.
12:47 of 1st period - Shot by Radim Vrbata.
12:47 of 1st period - Shot Blocked by Alexander Semin.
12:48 of 1st period - Minor Penalty to Marc Methot for Roughing.
12:49 of 1st period - Jiri Tlusty wins face-off versus Frans Nielsen in Capitals zone.
13:16 of 1st period - Shot by Derek Morris.
13:16 of 1st period - Stopped by Jimmy Howard with a rebound.
13:18 of 1st period - Shot by Ilya Kovalchuk.
13:18 of 1st period - Shot Misses the Net.
13:20 of 1st period - Shot by Derek Morris.
13:20 of 1st period - Stopped by Jimmy Howard without a rebound.
13:21 of 1st period - Matt Stajan wins face-off versus Radim Vrbata in Capitals zone.
13:42 of 1st period - Shot by Alex Goligoski.
13:42 of 1st period - Stopped by Jimmy Howard without a rebound.
13:43 of 1st period - Jiri Tlusty wins face-off versus Frans Nielsen in Capitals zone.
14:42 of 1st period - Icing by Francois Beauchemin.
14:43 of 1st period - Brandon Dubinsky wins face-off versus Jiri Tlusty in Rangers zone.
15:17 of 1st period - Jay Harrison is hit by Matt Read and loses puck.
16:20 of 1st period - Minor Penalty to Troy Brouwer for Hooking.
16:21 of 1st period - Frans Nielsen wins face-off versus Jiri Tlusty in Rangers zone.
17:29 of 1st period - Shot by Alexander Ovechkin.
17:29 of 1st period - Goal by Alexander Ovechkin - Rangers : 0 - Capitals : 2.
17:30 of 1st period - Mathieu Perreault wins face-off versus Brandon Dubinsky in neutral zone.
17:43 of 1st period - Alexander Ovechkin is hit by Chris Kunitz.
18:47 of 1st period - Shot by Alexei Kovalev.
18:47 of 1st period - Goal by Alexei Kovalev - Rangers : 0 - Capitals : 3.
18:48 of 1st period - Frans Nielsen wins face-off versus Matt Stajan in neutral zone.
19:04 of 1st period - Icing by Tom Poti.
19:05 of 1st period - Ville Leino wins face-off versus Matt Stajan in Capitals zone.
19:12 of 1st period - Shot by Vinny Prospal.
19:12 of 1st period - Goal by Vinny Prospal - Rangers : 1 - Capitals : 3.
19:13 of 1st period - Cody Eakin wins face-off versus Frans Nielsen in neutral zone.
19:16 of 1st period - Shot by Taylor Hall.
19:16 of 1st period - Stopped by Tomas Vokoun with a rebound.
19:31 of 1st period - Minor Penalty to Jay Harrison for Hooking.
19:32 of 1st period - Matt Stajan wins face-off versus Brandon Dubinsky in Capitals zone.
19:32 of 1st period - Matt Stajan is hit by Brandon Dubinsky.
19:44 of 1st period - Alexander Semin is hit by Brandon Dubinsky and loses puck.
19:53 of 1st period - Shot by Chris Kunitz.
19:53 of 1st period - Shot Blocked by Marc Methot.
19:55 of 1st period - Shot by Chris Kunitz.
19:55 of 1st period - Shot Misses the Net.

2nd period


0:01 of 2nd period - Matt Stajan wins face-off versus Brandon Dubinsky in neutral zone.
0:07 of 2nd period - Icing by Brandon Dubinsky.
0:08 of 2nd period - Matt Stajan wins face-off versus Brandon Dubinsky in Rangers zone.
0:31 of 2nd period - Shot by Radim Vrbata.
0:31 of 2nd period - Goal by Radim Vrbata - Rangers : 2 - Capitals : 3.
0:32 of 2nd period - Daniel Briere wins face-off versus Frans Nielsen in neutral zone.
2:29 of 2nd period - Icing by Rob Scuderi.
2:30 of 2nd period - Cody Eakin wins face-off versus Ville Leino in Rangers zone.
2:30 of 2nd period - Jiri Tlusty is hit by Derek Morris.
2:32 of 2nd period - Shot by Jay Harrison.
2:32 of 2nd period - Deflect By Taylor Hall.
2:32 of 2nd period - Stopped by Tomas Vokoun without a rebound.
2:33 of 2nd period - Ville Leino wins face-off versus Cody Eakin in Rangers zone.
2:57 of 2nd period - Shot by Jiri Tlusty.
2:57 of 2nd period - Shot Misses the Net.
4:09 of 2nd period - Shot by Tomas Fleischmann.
4:09 of 2nd period - Shot Misses the Net.
4:16 of 2nd period - Ilya Kovalchuk is hit by Douglas Murray and loses puck.
4:32 of 2nd period - Icing by Douglas Murray.
4:33 of 2nd period - Matt Stajan wins face-off versus Radim Vrbata in Capitals zone.
4:37 of 2nd period - Minor Penalty to Douglas Murray for Interference.
4:38 of 2nd period - Brandon Dubinsky wins face-off versus Jiri Tlusty in Capitals zone.
5:05 of 2nd period - Shot by Chris Kunitz.
5:05 of 2nd period - Shot Misses the Net.
5:17 of 2nd period - Shot by Chris Kunitz.
5:17 of 2nd period - Shot Misses the Net.
5:36 of 2nd period - Icing by Stephane Robidas.
5:37 of 2nd period - Matt Stajan wins face-off versus Brandon Dubinsky in Rangers zone.
5:52 of 2nd period - Shot by Matt Stajan.
5:52 of 2nd period - Shot Misses the Net.
5:58 of 2nd period - Matt Stajan is hit by Brandon Dubinsky and loses puck.
6:11 of 2nd period - Shot by Ilya Kovalchuk.
6:11 of 2nd period - Shot Misses the Net.
7:07 of 2nd period - Shot by Alexander Ovechkin.
7:07 of 2nd period - Shot Misses the Net.
7:48 of 2nd period - Icing by Dan Girardi.
7:49 of 2nd period - David Legwand wins face-off versus Cody Eakin in Rangers zone.
8:03 of 2nd period - Icing by Cody Eakin.
8:04 of 2nd period - Frans Nielsen wins face-off versus Cody Eakin in Capitals zone.
8:30 of 2nd period - Taylor Hall is hit by Derek Morris and loses puck.
8:45 of 2nd period - Shot by Daniel Briere.
8:45 of 2nd period - Stopped by Tomas Vokoun without a rebound.
8:46 of 2nd period - Brandon Dubinsky wins face-off versus Alexander Semin in Rangers zone.
9:08 of 2nd period - Dan Girardi is hit by Alexander Ovechkin and loses puck.
9:56 of 2nd period - Icing by Douglas Murray.
9:57 of 2nd period - Cody Eakin wins face-off versus Frans Nielsen in Capitals zone.
10:37 of 2nd period - Shot by Alexander Ovechkin.
10:37 of 2nd period - Stopped by Tomas Vokoun with a rebound.
10:39 of 2nd period - Shot by Alexander Ovechkin.
10:39 of 2nd period - Deflect By Daniel Briere.
10:39 of 2nd period - Stopped by Tomas Vokoun without a rebound.
10:40 of 2nd period - Matt Stajan wins face-off versus Ville Leino in Rangers zone.
10:40 of 2nd period - Matt Stajan is hit by Derek Morris.
10:41 of 2nd period - Minor Penalty to Derek Morris for High sticking.
10:42 of 2nd period - Frans Nielsen wins face-off versus Matt Stajan in Rangers zone.
10:57 of 2nd period - Shot by Ryan McDonagh.
10:57 of 2nd period - Shot Blocked by Dan Girardi.
11:47 of 2nd period - Minor Penalty to Tomas Fleischmann for Tripping.
11:48 of 2nd period - Alexander Ovechkin wins face-off versus Chris Kunitz in Capitals zone.
12:03 of 2nd period - Shot by Alexander Ovechkin.
12:03 of 2nd period - Shot Blocked by Alex Goligoski.
12:18 of 2nd period - Shot by Chris Kunitz.
12:18 of 2nd period - Shot Misses the Net.
12:47 of 2nd period - Icing by Frans Nielsen.
12:48 of 2nd period - Matt Stajan wins face-off versus Frans Nielsen in Rangers zone.
13:29 of 2nd period - Derek Morris is hit by Matt Stajan.
13:40 of 2nd period - Shot by Derek Morris.
13:40 of 2nd period - Shot Misses the Net.
13:42 of 2nd period - Shot by Radim Vrbata.
13:42 of 2nd period - Shot Misses the Net.
13:44 of 2nd period - Shot by Stephane Robidas.
13:44 of 2nd period - Stopped by Jimmy Howard without a rebound.
13:45 of 2nd period - Jiri Tlusty wins face-off versus Frans Nielsen in Capitals zone.
13:50 of 2nd period - Shot by Jiri Tlusty.
13:50 of 2nd period - Shot Misses the Net.
13:53 of 2nd period - Icing by Rob Scuderi.
13:54 of 2nd period - Cody Eakin wins face-off versus Ville Leino in Rangers zone.
14:04 of 2nd period - Icing by Vinny Prospal.
14:05 of 2nd period - Matt Read wins face-off versus Daniel Briere in Rangers zone.
14:05 of 2nd period - Matt Read is hit by Alexander Ovechkin.
14:17 of 2nd period - Shot by Matt Read.
14:17 of 2nd period - Stopped by Jimmy Howard without a rebound.
14:18 of 2nd period - Cody Eakin wins face-off versus Brandon Dubinsky in Capitals zone.
14:18 of 2nd period - Cody Eakin is hit by Chris Kunitz.
14:21 of 2nd period - Icing by Jiri Tlusty.
14:22 of 2nd period - Cody Eakin wins face-off versus Brandon Dubinsky in Capitals zone.
14:51 of 2nd period - Mike Green is hit by Chris Kunitz and loses puck.
15:14 of 2nd period - Icing by Alex Goligoski.
15:15 of 2nd period - Brandon Dubinsky wins face-off versus Alexander Ovechkin in Rangers zone.
15:19 of 2nd period - Off-side.
15:20 of 2nd period - Daniel Briere wins face-off versus Frans Nielsen in neutral zone.
15:23 of 2nd period - Dan Girardi is hit by Alexander Ovechkin.
15:42 of 2nd period - Alexander Ovechkin is hit by Dan Girardi and loses puck.
16:15 of 2nd period - Alexander Semin is hit by Dan Girardi and loses puck.
16:20 of 2nd period - Shot by Alexander Semin.
16:20 of 2nd period - Shot Misses the Net.
16:22 of 2nd period - Shot by Tomas Fleischmann.
16:22 of 2nd period - Deflect By Alexander Semin.
16:22 of 2nd period - Stopped by Tomas Vokoun without a rebound.
16:23 of 2nd period - Cody Eakin wins face-off versus Brandon Dubinsky in Rangers zone.
16:23 of 2nd period - Taylor Hall is hit by Francois Beauchemin and loses puck.
16:40 of 2nd period - Shot by Taylor Hall.
16:40 of 2nd period - Shot Misses the Net.
16:42 of 2nd period - Shot by Jiri Tlusty.
16:42 of 2nd period - Stopped by Tomas Vokoun without a rebound.
16:43 of 2nd period - Matt Stajan wins face-off versus Ville Leino in Rangers zone.
17:48 of 2nd period - Corey Potter is hit by Francois Beauchemin and loses puck.
18:09 of 2nd period - Shot by Chris Kunitz.
18:09 of 2nd period - Shot Misses the Net.
18:21 of 2nd period - Icing by Douglas Murray.
18:22 of 2nd period - Frans Nielsen wins face-off versus Matt Stajan in Capitals zone.
18:38 of 2nd period - Minor Penalty to Douglas Murray for Roughing.
18:39 of 2nd period - Frans Nielsen wins face-off versus Jiri Tlusty in Capitals zone.
18:42 of 2nd period - Shot by Stephane Robidas.
18:42 of 2nd period - Shot Misses the Net.
18:44 of 2nd period - Shot by Stephane Robidas.
18:44 of 2nd period - Shot Misses the Net.
18:46 of 2nd period - Shot by Derek Morris.
18:46 of 2nd period - Stopped by Jimmy Howard without a rebound.
18:47 of 2nd period - Frans Nielsen wins face-off versus Jiri Tlusty in Capitals zone.
18:57 of 2nd period - Francois Beauchemin is hit by Jay Harrison and loses puck.
19:10 of 2nd period - Shot by Francois Beauchemin.
19:10 of 2nd period - Shot Misses the Net.
19:55 of 2nd period - Shot by Chris Kunitz.
19:55 of 2nd period - Shot Blocked by Ryan McDonagh.

3rd period


0:01 of 3rd period - Matt Stajan wins face-off versus Brandon Dubinsky in neutral zone.
0:25 of 3rd period - Shot by Alex Goligoski.
0:25 of 3rd period - Shot Misses the Net.
0:27 of 3rd period - Shot by Francois Beauchemin.
0:27 of 3rd period - Shot Misses the Net.
0:29 of 3rd period - Shot by Brandon Dubinsky.
0:29 of 3rd period - Stopped by Jimmy Howard without a rebound.
0:30 of 3rd period - Frans Nielsen wins face-off versus Matt Stajan in Capitals zone.
0:52 of 3rd period - Matt Read is hit by Alexander Ovechkin and loses puck.
1:11 of 3rd period - Vinny Prospal is hit by Alexander Ovechkin.
1:51 of 3rd period - Icing by Francois Beauchemin.
1:52 of 3rd period - Brandon Dubinsky wins face-off versus Matt Stajan in Rangers zone.
2:07 of 3rd period - Shot by Radim Vrbata.
2:07 of 3rd period - Stopped by Jimmy Howard without a rebound.
2:08 of 3rd period - Frans Nielsen wins face-off versus Cody Eakin in Capitals zone.
2:23 of 3rd period - Shot by Jay Harrison.
2:23 of 3rd period - Shot Blocked by Rob Scuderi.
2:25 of 3rd period - Shot by Jay Harrison.
2:25 of 3rd period - Stopped by Tomas Vokoun with a rebound.
2:33 of 3rd period - Shot by Jiri Tlusty.
2:33 of 3rd period - Shot Misses the Net.
2:35 of 3rd period - Shot by Taylor Hall.
2:35 of 3rd period - Deflect By Jiri Tlusty.
2:35 of 3rd period - Goal by Jiri Tlusty - Rangers : 2 - Capitals : 4.
2:35 of 3rd period - Jean-Sebastien Giguere enters game.
2:36 of 3rd period - Matt Stajan wins face-off versus Chris Kunitz in neutral zone.
2:36 of 3rd period - Ryan McDonagh is hit by Chris Kunitz and loses puck.
3:14 of 3rd period - Shot by Radim Vrbata.
3:14 of 3rd period - Stopped by Jimmy Howard without a rebound.
3:15 of 3rd period - Daniel Briere wins face-off versus Frans Nielsen in Capitals zone.
4:22 of 3rd period - Shot by Jiri Tlusty.
4:22 of 3rd period - Deflect By Taylor Hall.
4:22 of 3rd period - Shot Misses the Net.
6:44 of 3rd period - Off-side.
6:45 of 3rd period - Cody Eakin wins face-off versus David Legwand in neutral zone.
6:47 of 3rd period - Marc Methot is hit by Dan Girardi and loses puck.
7:13 of 3rd period - Cody Eakin is hit by Stephane Robidas and loses puck.
7:17 of 3rd period - Icing by Dan Girardi.
7:18 of 3rd period - David Legwand wins face-off versus Matt Stajan in Rangers zone.
7:41 of 3rd period - Shot by Alexander Semin.
7:41 of 3rd period - Shot Misses the Net.
8:42 of 3rd period - Minor Penalty to Marc Methot for Elbowing.
8:43 of 3rd period - Matt Stajan wins face-off versus Brandon Dubinsky in Capitals zone.
10:04 of 3rd period - Shot by Frans Nielsen.
10:04 of 3rd period - Goal by Frans Nielsen - Rangers : 3 - Capitals : 4.
10:05 of 3rd period - Ville Leino wins face-off versus Daniel Briere in neutral zone.
10:33 of 3rd period - Icing by Rob Scuderi.
10:34 of 3rd period - Ville Leino wins face-off versus Cody Eakin in Rangers zone.
10:34 of 3rd period - Ville Leino is hit by Cody Eakin.
11:07 of 3rd period - Icing by Vinny Prospal.
11:08 of 3rd period - Ville Leino wins face-off versus Daniel Briere in Rangers zone.
11:30 of 3rd period - Icing by Alex Goligoski.
11:31 of 3rd period - Brandon Dubinsky wins face-off versus Matt Stajan in Rangers zone.
11:48 of 3rd period - Shot by Chris Kunitz.
11:48 of 3rd period - Stopped by Jimmy Howard without a rebound.
11:49 of 3rd period - Daniel Briere wins face-off versus Frans Nielsen in Capitals zone.
12:33 of 3rd period - Stephane Robidas is hit by Alexander Ovechkin and loses puck.
13:01 of 3rd period - Mike Green is hit by Troy Brouwer and loses puck.
13:22 of 3rd period - Shot by Tomas Fleischmann.
13:22 of 3rd period - Stopped by Jean-Sebastien Giguere without a rebound.
13:23 of 3rd period - Brandon Dubinsky wins face-off versus Cody Eakin in Rangers zone.
13:23 of 3rd period - Francois Beauchemin is hit by Cody Eakin and loses puck.
13:36 of 3rd period - Shot by Jiri Tlusty.
13:36 of 3rd period - Shot Misses the Net.
13:42 of 3rd period - Shot by Cody Eakin.
13:42 of 3rd period - Goal by Cody Eakin - Rangers : 3 - Capitals : 5.
13:43 of 3rd period - Matt Stajan wins face-off versus Ville Leino in neutral zone.
14:08 of 3rd period - Icing by Rob Scuderi.
14:09 of 3rd period - Cody Eakin wins face-off versus Ville Leino in Rangers zone.
14:42 of 3rd period - Shot by Taylor Hall.
14:42 of 3rd period - Shot Misses the Net.
14:46 of 3rd period - Shot by Jiri Tlusty.
14:46 of 3rd period - Deflect By Taylor Hall.
14:46 of 3rd period - Shot Misses the Net.
15:25 of 3rd period - Shot by Alexander Ovechkin.
15:25 of 3rd period - Stopped by Jean-Sebastien Giguere without a rebound.
15:26 of 3rd period - Alexander Semin wins face-off versus Frans Nielsen in Rangers zone.
15:26 of 3rd period - Douglas Murray is hit by Stephane Robidas and loses puck.
15:38 of 3rd period - Shot by Troy Brouwer.
15:38 of 3rd period - Shot Misses the Net.
15:44 of 3rd period - Shot by Ilya Kovalchuk.
15:44 of 3rd period - Stopped by Jimmy Howard with a rebound.
15:46 of 3rd period - Shot by Stephane Robidas.
15:46 of 3rd period - Stopped by Jimmy Howard without a rebound.
15:47 of 3rd period - Daniel Briere wins face-off versus Brandon Dubinsky in Capitals zone.
16:08 of 3rd period - Icing by Jay Harrison.
16:09 of 3rd period - Troy Brouwer wins face-off versus Daniel Briere in Capitals zone.
16:26 of 3rd period - Shot by Daniel Briere.
16:26 of 3rd period - Shot Blocked by Stephane Robidas.
16:28 of 3rd period - Shot by Mike Green.
16:28 of 3rd period - Shot Misses the Net.
16:30 of 3rd period - Shot by Daniel Briere.
16:30 of 3rd period - Goal by Daniel Briere - Rangers : 3 - Capitals : 6.
16:31 of 3rd period - Brandon Dubinsky wins face-off versus Matt Stajan in neutral zone.
17:06 of 3rd period - Off-side.
17:07 of 3rd period - Frans Nielsen wins face-off versus Daniel Briere in neutral zone.
17:19 of 3rd period - Shot by Alexander Ovechkin.
17:19 of 3rd period - Stopped by Jean-Sebastien Giguere with a rebound.
17:21 of 3rd period - Shot by Mike Green.
17:21 of 3rd period - Stopped by Jean-Sebastien Giguere with a rebound.
17:23 of 3rd period - Shot by Jay Harrison.
17:23 of 3rd period - Shot Misses the Net.
17:31 of 3rd period - Shot by Jay Harrison.
17:31 of 3rd period - Stopped by Jean-Sebastien Giguere with a rebound.
17:33 of 3rd period - Shot by Jay Harrison.
17:33 of 3rd period - Shot Misses the Net.
18:26 of 3rd period - Icing by Ryan McDonagh.
18:27 of 3rd period - Brandon Dubinsky wins face-off versus Jiri Tlusty in Capitals zone.
18:49 of 3rd period - Marc Methot is hit by Alex Goligoski and loses puck.
19:14 of 3rd period - Shot by Alexander Semin.
19:14 of 3rd period - Stopped by Jean-Sebastien Giguere without a rebound.
19:15 of 3rd period - Daniel Briere wins face-off versus David Legwand in Rangers zone.
19:23 of 3rd period - Icing by Rob Scuderi.
19:24 of 3rd period - Mathieu Perreault wins face-off versus David Legwand in Rangers zone.
19:46 of 3rd period - Off-side.
19:47 of 3rd period - Cody Eakin wins face-off versus Frans Nielsen in neutral zone.
19:50 of 3rd period - Troy Brouwer is hit by Jiri Tlusty.


Output by the SimonT Hockey Simulator (STHS) for Stephane Roy -- Original Page W3C XHTML 1.0 Valid
Hockey Simulator - Hockey Simulation - Hockey Manager